 Dungeon Crawl Stone Soup version 0.26.0-45-g9c1d065592 (webtiles) character file.

Game seed: 13992204379575496447

(classic levelgen) 49 thiole the Ducker (level 3, 0/31 HPs)
             Began as an Octopode Hedge Wizard on Jan 31, 2021.
             Succumbed to a killer bee's poison
             ... on level 2 of the Dungeon.
             The game lasted 00:01:41 (1995 turns).

thiole the Ducker (Octopode Hedge Wizard)           Turns: 1995, Time: 00:01:41

Health: 0/31       AC:  1    Str:  9    XL:     3   Next: 77%
Magic:  4/7        EV: 13    Int: 17    God:
Gold:   63         SH:  3    Dex: 11    Spells: 7/8 levels left

rFire    . . .     SeeInvis .   h - +0 dagger (flame)
rCold    . . .     Faith    .   g - +0 buckler
rNeg     . . .     Spirit   .   b - +0 hat
rPois    .         Reflect  .   (no amulet)
rElec    .         Harm     .   (no ring)
rCorr    .         Rampage  .   (no ring)
Will     .....                  (no ring)
Stlth    ..........             (no ring)
HPRegen  0.10/turn              (no ring)
MPRegen  0.10/turn              (no ring)
                                (no ring)
                                (no ring)

@: berserking, lethally poisoned (0 -> -6), very quick
A: almost no armour, stealthy swim, amphibious, 8 rings, constrict 8, camouflage
1, gelatinous body 1
a: no special abilities


You were on level 2 of the Dungeon.
You visited 1 branch of the dungeon, and saw 2 of its levels.

You collected 63 gold pieces.

Inventory:

Hand Weapons
 h - a +0 dagger of flaming (weapon)
Armour
 b - a +0 hat (worn)
 g - a +0 buckler (worn)
Scrolls
 d - 2 scrolls of identify {unknown}
 e - 2 scrolls of remove curse {unknown}
 f - a scroll of blinking {unknown}


   Skills:
 + Level 3.4 Dodging
 - Level 2.6 Stealth
 + Level 0.5 Shields
 - Level 3.0 Spellcasting
 - Level 2.0 Conjurations
 - Level 1.0 Summonings
 - Level 1.0 Translocations


You had 7 spell levels left.
You knew the following spells:

 Your Spells              Type           Power        Failure   Level
a - Magic Dart            Conj           36%          12%         1

Your spell library contained the following spells:

 Spells                   Type           Power        Failure   Level
 Blink                    Tloc           N/A          26%         2
 Call Imp                 Summ           5%           26%         2
 Slow                     Hex            2%           38%         2
 Conjure Flame            Conj/Fire      5%           47%         3
 Mephitic Cloud           Conj/Pois/Air  4%           54%         3


Dungeon Overview and Level Annotations

Branches:
Dungeon (2/15)

Altars:


Innate Abilities, Weirdness & Mutations

You cannot wear most types of armour.
You are very stealthy in the water. (Stealth+)
You are amphibious.
You can wear up to eight rings at the same time.
You can use your tentacles to constrict eight enemies at once.
Your skin changes colour to match your surroundings (Stealth+).
Your rubbery body absorbs attacks. (AC +1, EV +1)


Message History

You are lethally poisoned!
The killer bee poisons you!
You feel sick.
You feel sick.
It was a potion of berserk rage.
A red film seems to cover your vision as you go berserk!
You feel yourself moving faster!
You feel mighty!
You feel sick. The killer bee closely misses you. The killer bee stings you!
* * * LOW HITPOINT WARNING * * *
You closely miss the killer bee. Your grab misses the killer bee.
You squeeze the killer bee!
The killer bee is heavily wounded.
The killer bee barely misses you.
You hit the killer bee. You burn the killer bee. You grab the killer bee.
The killer bee is severely wounded.
You constrict the killer bee. The killer bee stings you.
* * * LOW HITPOINT WARNING * * *
You completely miss the killer bee. You squeeze the killer bee.
You kill the killer bee!
You die...

.#######..†####<.......
.<............+........
.######....##.#........
#.#..# ##.......
##.##.# ##.....#
#.....# ##...##
#..#####.# ##+##
#........# #@#########
#.##......# #yy.y.#
####..# ....y .####..
.. ##


You could see 2 killer bees.

Vanquished Creatures
  A killer bee (D:2)
  An adder (D:2)
  An ooze (D:1)
  A dart slug (D:1)
  A bat (D:1)
  A giant cockroach (D:1)
  3 hobgoblins (D:1)
  4 jackals (D:1)
  8 kobolds
  A ball python (D:1)
  A frilled lizard (D:1)
  6 goblins (D:1)
  5 rats
34 creatures vanquished.

Notes
Turn   | Place    | Note
-------+----------+-------------------------------------------
     0 | D:1      | thiole the Octopode Hedge Wizard began the quest for the
                  | Orb.
     0 | D:1      | Reached XP level 1. HP: 11/11 MP: 4/4
   318 | D:1      | Reached XP level 2. HP: 10/17 MP: 0/6
  1084 | D:1      | Reached XP level 3. HP: 21/21 MP: 2/7
  1984 | D:2      | Noticed a killer bee
  1985 | D:2      | Noticed a killer bee
  1985 | D:2      | Noticed a killer bee
  1987 | D:2      | Noticed a killer bee
  1994 | D:2      | HP: 1/31 [killer bee (2)]
  1995 | D:2      | Killed a killer bee
  1995 | D:2      | Succumbed to a killer bee's poison

Illustrated notes

Levels and vault maps discovered:
D:1:      saegor_arrival_simple_a, layout_basic
D:2:      minmay_recursive_quarters, layout_loops_corners

Skill      XL: |  1  2  3 |
---------------+----------+-----
Conjurations   | 2 |  2.0
Dodging        | 3 |  3.4
Stealth        | |  2.6
Shields        | |  0.5
Spellcasting   | |  3.0
Summonings     | |  1.0
Translocations | |  1.0

Action                   || total
-------------------------++-------
Melee: Dagger            ||    36
       Constrict         ||    10
       Tentacles         ||     9
 Cast: Magic Dart        ||    69
  Use: Potion            ||     1
 Stab: Sleeping          ||     1
Armor: Skin              ||     2
Dodge: Dodged            ||    37
Block: Buckler           ||     1
